 Dungeon Sprint DCSS version 0.28.0-43-g3370ac3207 (webtiles) character file.

Game seed: 1844153773159853452

7929 boopmooplesden the Severer (level 11, -8/107 HPs)
             Began as a Minotaur Berserker on Mar 12, 2022.
             Was the Champion of Trog.
             Mangled by Kirke (16 damage)
             ... in the Dungeon (Sprint II: "The Violet Keep of Menkaure").
             The game lasted 00:05:11 (1678 turns).

boopmooplesden the Severer (Minotaur Berserker)     Turns: 1678, Time: 00:05:12

Health: -8/107     AC:  0    Str: 27    XL:     11   Next: 3%
Magic:  4/10       EV: 17    Int:  4    God:    Trog [******]
Gold:   558        SH:  0    Dex:  9    Spells: 10/10 levels left

rFire   . . .      SeeInvis .   (weapon currently unavailable)
rCold   . . .      Faith    .   (shield currently unavailable)
rNeg    . . .      Spirit   .   (armour currently unavailable)
rPois   .          Reflect  .   (helmet currently unavailable)
rElec   .          Harm     .   (cloak currently unavailable)
rCorr   .          Rampage  .   (gloves currently unavailable)
Will    .....      Rage     3%  (boots currently unavailable)
Stlth   ++........ NoTele   +   (no amulet)
HPRegen 0.27/turn               (ring currently unavailable)
MPRegen 0.12/turn               (ring currently unavailable)

@: pig-form, on berserk cooldown, slowed
A: fast, no casting, small, (horns 2), (retaliatory headbutt), berserk 2, frail
1
a: Renounce Religion, Berserk, Trog's Hand, Brothers in Arms


You were in the Dungeon.
You worshipped Trog.
Trog was exalted by your worship.
You were a filthy swine.
You visited 1 branch You collected 1451 gold pieces.
You spent 893 gold pieces at shops.

Inventory:

Hand Weapons
 a - a +0 hand axe of venom
 l - a +2 vampiric battleaxe
 m - a +7 antimagic executioner's axe (melded)
Missiles
 A - a throwing net (quivered)
Armour
 b - a +0 animal skin
 j - the +1 cloak "Reses" (melded) {Dex+2}
   (You bought it in a shop in the Dungeon)

   Dex:       It affects your dexterity (+2).
 k - the +2 plate armour of Batses (melded) {rPois}
   (You bought it in a shop in the Dungeon)

   rPois:     It protects you from poison.
Jewellery
 r - a ring of resist corrosion
Scrolls
 h - 2 scrolls of blinking
 q - a scroll of fear
 u - 2 scrolls of fog
Potions
 c - 2 potions of curing
 d - a potion of heal wounds
 e - 2 potions of haste
 f - 5 potions of magic
 g - a potion of berserk rage
 s - a potion of mutation {unknown}
 t - 3 potions of resistance
 v - 2 potions of flight


   Skills:
 + Level 18.1 Fighting
 + Level 20.3 Axes
 + Level 13.3 Armour
 + Level 10.0 Dodging
 + Level 2.4 Stealth


You had 10 spell levels left.
You didn't know any spells.
Your spell library was empty.

Dungeon Overview and Level Annotations

Branches:
Dungeon (1/1)

Altars:
Cheibriados
Dithmenos
Elyvilon
Fedhas
Gozag
Hepliaklqana
Kikubaaqudgha
Makhleb
Nemelex Xobeh
Okawaru
Qazlal
Ru
Sif Muna
Trog
Uskayaw
Vehumet
Wu Jian
Xom
Yredelemnul
Zin
The Shining One
Beogh
Jiyva
Lugonu

Shops:
D !:(?[[((=!(?:=[

Annotations:
D exclusions: ice statue and oklob plant, Kirke


Innate Abilities, Weirdness & Mutations

You are a filthy swine.
You move quickly.
Your equipment is almost entirely melded.
You are incapable of wielding weapons or throwing items.
You cannot cast spells.
((You have a pair of horns on your head.))
((You reflexively headbutt those who attack you in melee.))
You often lose your temper in combat.
You are frail. (-10% HP)


Message History

You bite Kirke!
Kirke is moderately wounded.
Kirke hits you!
Unknown command.
You hit Kirke.
Kirke is moderately wounded.
Kirke gestures at you while chanting.
You barely resist. You bite Kirke!
Kirke is heavily wounded.
Kirke closely misses you.
You bite Kirke!
Kirke is heavily wounded.
Kirke hits you!
You bite Kirke!
Kirke is severely wounded.
You hit Kirke.
Kirke is severely wounded.
Kirke casts a spell.
Kirke summons a lindwurm!
You bite Kirke!
Kirke is almost dead.
Kirke hits you!
You closely miss Kirke.
Kirke is severely wounded.
You are no longer berserk.
You are exhausted.
You feel as though you will be slow longer.
The lindwurm bites you! The lindwurm claws you.
* * * LOW HITPOINT WARNING * * *
The lindwurm misses you. Kirke gestures at you while chanting.
You feel a momentary urge to oink.
You bite Kirke!
Kirke is almost dead.
The lindwurm breathes flames at you. The blast of flame hits you!!
* * * LOW HITPOINT WARNING * * *
Kirke hits you!
You die...

*********,,+,,...≈.....#*++**,,,+
*,,,**,,@**##,,.○.○○..#*≈^^,***,#
*,,,,*,,zc.≈##,,..○°.#*,≈,,,,,**#
###########≈≈#+++#○++##***,,,,*,*
##########≈≈≈...†○....#,,+,,,,*,,
#.∩.∩....#≈≈≈≈.##○##..#,,****,*,,
#..∩.∩...#≈≈≈≈##○#(##.####,,+.##.
#...∩.∩..#≈≈≈≈#.@#..#,...#,,*...#
#....∩.⌠.#≈≈####hk.###*..##**#..#
#...∩.∩..#≈##.###†###.##..#,,+^.#
#....∩...#≈#...##)###..#..#,,#^.#
#.∩.∩....'≈'.#.'.<.'##.'..####..#
#∩.∩.....#≈#.).##.##.#.#....###..
▓▓▓▓▓▓▓###≈##.###'###.##...§..≈≈≈
#[ZF######≈≈####.#.####≈≈..§..≈#+
#(ZF#$,+,##≈≈≈#.##..#≈≈≈≈≈≈≈..≈#.
#∩P?+(?*+*#'#≈###..##≈≈≈≈≈≈≈≈.≈#.


You could see Kirke and a lindwurm (summoned, catching breath).

Vanquished Creatures
  A yaktaur captain (D)
  A centaur warrior (D)
  2 deep trolls (D)
  A skeletal warrior (D)
  A merfolk siren (D)
  A yaktaur (D)
  3 polar bears (D)
  A hornet (D)
  12 flying skulls (D)
  3 wyverns (D)
  A vampire mosquito (D)
  Menkaure (D)
  4 neqoxecs (D)
  3 water moccasins (D)
  4 necrophages (D)
  3 worms (D)
42 creatures vanquished.

Vanquished Creatures (others)
  A kobold demonologist (D)
  A water moccasin (D)
  16 tentacles (D)
18 creatures vanquished.

Grand Total: 60 creatures vanquished

Notes
Turn   | Place    | Note
-------+----------+-------------------------------------------
     0 | D        | boopmooplesden the Minotaur Berserker began the quest for
                  | the Orb.
     0 | D        | Reached XP level 1. HP: 19/19 MP: 0/0
     1 | D        | Noticed a necrophage
     1 | D        | Noticed a necrophage
     1 | D        | Noticed a necrophage
     1 | D        | Noticed a necrophage
     8 | D        | Killed a necrophage
     8 | D        | Killed a necrophage
     9 | D        | Reached skill level 8 in Axes
     9 | D        | Reached XP level 2. HP: 22/36 MP: 1/1
     9 | D        | Reached XP level 3. HP: 25/41 MP: 2/2
     9 | D        | Reached XP level 4. HP: 30/49 MP: 3/3
     9 | D        | Reached XP level 5. HP: 34/56 MP: 4/4
     9 | D        | Killed a necrophage
     9 | D        | Reached ** piety under Trog
    10 | D        | Reached skill level 9 in Axes
    10 | D        | Reached skill level 5 in Dodging
    15 | D        | Killed a necrophage
    16 | D        | Reached skill level 10 in Fighting
    16 | D        | Reached skill level 10 in Axes
    16 | D        | Reached skill level 5 in Armour
    16 | D        | Reached XP level 6. HP: 36/67 MP: 5/5
   197 | D        | Killed a water moccasin
   211 | D        | Noticed a neqoxec
   211 | D        | Noticed a neqoxec
   215 | D        | Gained mutation: You have hidden genetic defects. [a
                  | neqoxec]
   219 | D        | Killed a neqoxec
   220 | D        | Reached skill level 11 in Axes
   221 | D        | Killed a neqoxec
   221 | D        | Reached *** piety under Trog
   222 | D        | Reached skill level 12 in Axes
   222 | D        | Reached XP level 7. HP: 75/75 MP: 6/6
   223 | D        | Noticed a neqoxec
   223 | D        | Noticed a neqoxec
   226 | D        | Gained mutation: You tend to lose your temper in combat. [a
                  | neqoxec]
   228 | D        | Killed a neqoxec
   235 | D        | Killed a neqoxec
   236 | D        | Reached skill level 13 in Axes
   238 | D        | Gained mutation: You are frail. (-10% HP) [hidden defects]
   358 | D        | Reached **** piety under Trog
   364 | D        | Noticed an ice statue
   373 | D        | Noticed a merfolk siren
   389 | D        | Killed a merfolk siren
   390 | D        | Reached XP level 8. HP: 79/79 MP: 7/7
   396 | D        | Found Wuretoeced's Book Emporium.
   396 | D        | Found Liufudyl's Antique Armour Emporium.
   396 | D        | Found Hekih's Jewellery Shoppe.
   396 | D        | Found Nohaugh's Magic Scroll Shoppe.
   396 | D        | Found Qyoczod's Jewellery Shoppe.
   396 | D        | Found Giukluv's Weapon Emporium.
   396 | D        | Found Imiaphu's Antique Weapon Emporium.
   396 | D        | Found Bapriz's Antique Weapon Shoppe.
   397 | D        | Found Muwoth's Distillery.
   397 | D        | Found Gawn's Armour Emporium.
   397 | D        | Found Adeorch's Antique Armour Shoppe.
   397 | D        | Noticed Menkaure
   402 | D        | Gained mutation: You often lose your temper in combat.
                  | [hidden defects]
   402 | D        | Lost mutation: You have hidden genetic defects. [hidden
                  | defects expressed]
   413 | D        | Killed Menkaure
   414 | D        | Reached skill level 14 in Axes
   435 | D        | Reached ***** piety under Trog
   445 | D        | Found Gitomm's Magic Scroll Shoppe.
   445 | D        | Found Lasashack's Antique Weapon Emporium.
   445 | D        | Noticed an oklob plant
   446 | D        | Found Wiylunk's Distillery.
   446 | D        | Found Gijoseal's Book Shoppe.
   447 | D        | Noticed a cane toad
   448 | D        | Noticed a cane toad
   659 | D        | Bought a distressingly furry cloak for 180 gold pieces
   659 | D        | Identified the +1 cloak "Reses" {Dex+2} (You bought it in a
                  | shop in the Dungeon)
   668 | D        | Bought a bronze plate armour for 504 gold pieces
   668 | D        | Identified the +2 plate armour of Batses {rPois} (You
                  | bought it in a shop in the Dungeon)
   686 | D        | Bought a runed battleaxe for 209 gold pieces
   711 | D        | Found a snail-covered altar of Cheibriados.
   712 | D        | Found a shadowy altar of Dithmenos.
   712 | D        | Found a viscous altar of Jiyva.
   712 | D        | Found a hazy altar of Hepliaklqana.
   713 | D        | Found a white marble altar of Elyvilon.
   713 | D        | Found an ancient bone altar of Kikubaaqudgha.
   713 | D        | Found a sacrificial altar of Ru.
   714 | D        | Found a blossoming altar of Fedhas.
   714 | D        | Found a corrupted altar of Lugonu.
   714 | D        | Found a shimmering blue altar of Sif Muna.
   715 | D        | Found an opulent altar of Gozag.
   715 | D        | Found a burning altar of Makhleb.
   715 | D        | Found a bloodstained altar of Trog.
   716 | D        | Found a sparkling altar of Nemelex Xobeh.
   716 | D        | Found a hide-covered altar of Uskayaw.
   717 | D        | Found an iron altar of Okawaru.
   717 | D        | Found a radiant altar of Vehumet.
   717 | D        | Found a glowing silver altar of Zin.
   717 | D        | Found a basalt altar of Yredelemnul.
   717 | D        | Noticed a polar bear
   722 | D        | Killed a polar bear
   722 | D        | Noticed a hornet
   722 | D        | Noticed a polar bear
   723 | D        | Noticed a yaktaur
   723 | D        | Noticed a polar bear
   726 | D        | Killed a polar bear
   727 | D        | Reached skill level 15 in Axes
   731 | D        | Killed a hornet
   731 | D        | Received a gift from Trog
   732 | D        | Reached skill level 15 in Fighting
   732 | D        | Reached XP level 9. HP: 87/87 MP: 8/8
   734 | D        | Killed a polar bear
   739 | D        | Killed a yaktaur
   740 | D        | Reached skill level 16 in Axes
   753 | D        | Noticed a kraken
   948 | D        | Found a shimmering altar of Xom.
   949 | D        | Found a glowing golden altar of the Shining One.
   949 | D        | Found an ornate altar of the Wu Jian Council.
   949 | D        | Found a stormy altar of Qazlal.
   960 | D        | Reached skill level 1 in Stealth
  1300 | D        | Noticed a deep troll
  1300 | D        | Noticed a deep troll
  1308 | D        | Killed a deep troll
  1309 | D        | Reached skill level 17 in Axes
  1311 | D        | Killed a deep troll
  1434 | D        | Received a gift from Trog
  1435 | D        | Reached XP level 10. HP: 99/99 MP: 3/9
  1436 | D        | Reached skill level 10 in Armour
  1438 | D        | Reached skill level 18 in Axes
  1447 | D        | Reached ****** piety under Trog
  1466 | D        | Received a gift from Trog
  1540 | D        | Noticed Kirke
  1540 | D        | Noticed a skeletal warrior
  1540 | D        | Noticed a yaktaur captain
  1554 | D        | Killed a yaktaur captain
  1555 | D        | Reached skill level 19 in Axes
  1557 | D        | Killed a skeletal warrior
  1558 | D        | Reached skill level 10 in Dodging
  1558 | D        | Noticed a centaur warrior
  1566 | D        | Killed a centaur warrior
  1567 | D        | Reached skill level 20 in Axes
  1568 | D        | Reached XP level 11. HP: 53/107 MP: 3/10
  1676 | D        | Noticed a lindwurm
  1678 | D        | Mangled by Kirke

Illustrated notes

Levels and vault maps discovered:
D:        the_violet_keep_of_menkaure [sprint2_stairs_cluster_1,
          sprint2_shoproom, sprint2_temple, sprint2_basic_supplies,
          sprint2_obstacle_2, sprint2_obstacle_5, sprint2_obstacle_1,
          sprint2_obstacle_4, sprint2_obstacle_6, sprint2_timed_cluster_1,
          sprint2_smallroom_cluster_1, sprint2_smallroom_final_cluster_1,
          sprint2_transparent_cluster_1, sprint2_second_timed_cluster_1,
          sprint2_sniper_area_1, sprint2_heavy_combat_area_1,
          sprint2_mutation_trap_area_1, sprint2_forest_area_1,
          sprint2_light_combat_area_1, sprint2_behind_water_1,
          sprint2_near_end_vault_1]

Skill      XL: |  1  2  3  4  5  6  7  8  9 10 |
---------------+-------------------------------+-----
Fighting       | 8 10 11 13 15 16 18 | 18.1
Axes           | 8 10 12 13 15 17 20 | 20.3
Armour         | 4 5 6 7 9 13 | 13.3
Dodging        | 4 5 6 7 8 9 10 | 10.0
Stealth        | 1 2 |  2.4

Action                   |  1- 3 |  4- 6 |  7- 9 | 10-12 || total
-------------------------+-------+-------+-------+-------++-------
Melee: Hand axe          |     5 |    15 |    51 |       ||    71
       Headbutt          |       |     3 |    17 |     3 ||    23
       Battleaxe         |       |       |    19 |       ||    19
       Executioner's axe |       |       |    38 |    32 ||    70
       Unarmed           |       |       |       |    12 ||    12
Invok: Berserk           |     1 |     1 |     3 |     2 ||     7
  Use: Scroll            |       |       |    10 |       ||    10
       Potion            |       |       |     1 |       ||     1
Armor: Animal skin       |     2 |     1 |     2 |       ||     5
       Plate armour      |       |       |    45 |    19 ||    64
Dodge: Dodged            |     8 |     2 |    40 |    10 ||    60
